Map: [ESL] Data-C

Players

Rex - Winner!

  • Race: Zerg Zerg
  • Spawn Location: 3:00

ButAlways

  • Race: Protoss Protoss
  • Spawn Location: 9:00

Event: DreamHack SC2 Masters 2022 Atlanta (Online)

VOD

Have the link to the VOD?

Description

Time

  • Played on: Oct. 1, 2022, 7:48 a.m.
  • Length: 6:17

All games in this series

Show
View Real Time Build Order
Export as new Build Order

Rex Zerg - Winner!

Build Orders: Hatch First 

Get SALT Encoding   

  12  0:00  Drone  
  13  0:12  Overlord  
  13  0:17  Drone  
  14  0:30  Drone x2  
  16  0:49  Hatchery  
  15  0:52  Drone  
  15  0:56  Drone  
  17  0:59  Drone  
  18  1:10  Extractor  
  17  1:15  Spawning Pool  
  17  1:18  Drone  
  17  1:23  Drone  
  18  1:29  Drone  
  19  1:38  Drone  
  20  1:51  Overlord  
  20  2:01  Queen  
  20  2:02  Zergling x2, Queen  
  20  2:03  Zergling x2  
  26  2:10  Metabolic Boost  
  26  2:12  Drone  
  27  2:16  Drone  
  27  2:21  Drone  
  29  2:23  Drone  
  30  2:38  Hatchery  
  30  2:42  Drone  
  30  2:43  Drone  
  31  2:49  Queen  
  33  2:53  Overlord  
  33  3:00  Drone x3  
  36  3:06  Overlord  
  36  3:14  Queen  
  36  3:17  Drone x2  
  36  3:19  Drone  
  41  3:25  Queen, Drone  
  44  3:28  Drone  
  44  3:32  Drone x2  
  47  3:36  Spore Crawler, Drone  
  47  3:40  Overlord  
  47  3:48  Drone  
  47  3:49  Drone  
  47  3:52  Queen  
  47  3:54  Overlord  
  51  4:04  Queen  
  51  4:05  Drone x2  
  51  4:06  Drone  
  55  4:14  Roach Warren, Extractor  
  53  4:18  Zergling x10  
  53  4:20  Zergling x2  
  53  4:21  Zergling x2  
  60  4:25  Spore Crawler  
  60  4:31  Drone  
  60  4:35  Drone x6  
  66  4:46  Overlord x2  
  66  4:53  Roach x2  
  66  4:59  Roach x2  
  74  5:04  Overlord  
  70  5:07  Roach x2  
  70  5:10  Roach x2  
  76  5:18  Zergling x10  
  78  5:23  Ravager x2  
  78  5:24  Zergling x2  
  78  5:25  Zergling x4  
  83  5:29  Zergling x6  
  83  5:31  Ravager  
  83  5:34  Zergling x6  
  90  5:37  Zergling x4  
  90  5:42  Zergling x6  
  95  5:49  Zergling x4  
Show
View Real Time Build Order
Export as new Build Order

ButAlways Protoss 

Build Orders: 1 Gate Expand, Oracle Opening 

Get SALT Encoding   

  12  0:00  Probe  
  13  0:12  Probe  
  14  0:19  Pylon  
  14  0:24  Probe  
  15  0:37  Probe (Chrono Boost)  
  15  0:39  Gateway  
  16  0:46  Probe (Chrono Boost)  
  16  0:48  Assimilator  
  17  0:52  Probe (Chrono Boost)  
  18  1:04  Probe  
  19  1:16  Probe  
  20  1:25  Nexus  
  20  1:35  Cybernetics Core  
  20  1:38  Probe  
  21  1:48  Assimilator  
  21  1:50  Probe  
  22  1:56  Pylon  
  22  2:03  Probe (Chrono Boost)  
  23  2:11  Adept (Chrono Boost)  
  26  2:15  Probe (Chrono Boost)  
  26  2:20  Stargate  
  26  2:21  Probe (Chrono Boost)  
  26  2:32  Probe (Chrono Boost)  
  26  2:34  Adept, Warp Gate  
  30  2:37  Probe (Chrono Boost)  
  31  2:46  Probe (Chrono Boost)  
  31  2:47  Probe (Chrono Boost)  
  32  2:51  Probe (Chrono Boost)  
  32  2:54  Probe  
  34  3:02  Oracle (Chrono Boost)  
  34  3:03  Probe  
  38  3:06  Probe  
  39  3:15  Probe  
  39  3:18  Probe  
  41  3:23  Gateway  
  41  3:27  Probe  
  41  3:28  Pylon  
  41  3:30  Oracle  
  45  3:42  Nexus  
  45  3:46  Probe (Chrono Boost)  
  47  3:49  Probe (Chrono Boost)  
  47  3:50  Shield Battery  
  47  3:55  Probe (Chrono Boost)  
  48  3:58  Probe (Chrono Boost)  
  48  4:00  Probe  
  50  4:05  Twilight Council  
  50  4:08  Probe  
  51  4:12  Forge  
  51  4:13  Probe (Chrono Boost)  
  51  4:16  Pylon  
  52  4:18  Pylon  
  54  4:24  Assimilator  
  54  4:25  Probe (Chrono Boost)  
  54  4:26  Probe (Chrono Boost)  
  54  4:28  Assimilator  
  54  4:33  Probe (Chrono Boost)  
  54  4:35  Probe (Chrono Boost)  
  54  4:36  Pylon  
  56  4:42  Probe  
  54  4:46  Probe  
  55  4:53  Stalker  
  55  4:54  Probe  
  55  4:55  Adept  
  55  4:58  Probe  
  61  5:01  Probe  
  61  5:06  Probe  
  63  5:10  Probe  
  63  5:12  Stalker  
  62  5:18  Probe, Stalker  
  63  5:25  Probe x2  
  63  5:26  Gateway  
  63  5:27  Gateway  
  65  5:28  Gateway  
  65  5:32  Gateway  
  65  5:33  Gateway  
  66  5:36  Stalker  
  66  5:41  Gateway  
  67  5:44  Photon Cannon  
  67  5:46  Stalker  
  69  6:00  Stalker  
Tags
 
Add a new tag
Caveats
  • Supply blocks, unpowered buildings, or Contaminate may cause inaccurate times.
  • Supply counts are checked every 10 seconds.